 Dungeon Crawl Stone Soup version 0.29.1-12-g30fa7ad0bf (webtiles) character file.

Game seed: 6827843277496491034

1036 RapScallion the Chopper (level 8, -1/69 HPs)
             Began as a Hill Orc Fighter on Jan 19, 2023.
             Slain by Menkaure (14 damage)
             ... on level 7 of the Dungeon.
             The game lasted 00:26:20 (7107 turns).

RapScallion the Chopper (Hill Orc Fighter)          Turns: 7107, Time: 00:26:20

Health: -1/69      AC: 14    Str: 21    XL:     8   Next: 24%
Magic:  2/2        EV:  6    Int:  8    God:
Gold:   316        SH:  4    Dex: 10    Spells: 7/7 levels left

rFire   + . .      SeeInvis .   n - +1 trident (antimagic)
rCold   + . .      Faith    .   c - +0 buckler
rNeg    . . .      Spirit   .   e - +0 plate armour
rPois   .          Reflect  .   i - +0 helmet
rElec   .          Harm     .   d - scarf {rC+ rF+}
rCorr   .          Rampage  .   (no gloves)
Will    .....                   (no boots)
Stlth   ..........              (no amulet)
HPRegen 0.21/turn               (no ring)
MPRegen 0.08/turn               (no ring)

@: no status effects
A: no striking features
a: no special abilities


You were on level 7 of the Dungeon.
You visited 1 branch of the dungeon, and saw 7 of its levels.

You collected 316 gold pieces.

Inventory:

Hand Weapons
 a - a +0 war axe
 l - a +0 antimagic club
 n - a +1 antimagic trident (weapon)
 p - a +1 falchion of venom
Armour
 c - a +0 buckler (worn)
 d - a scarf of resistance (worn)
 e - a +0 plate armour (worn)
 i - a +0 helmet (worn)
 j - the +3 ring mail of Youthful Indiscretion {Will+ Int+4}
   (You found it on level 2 of the Dungeon)

   Int:       It affects your intelligence (+4).
   Will:      It increases your willpower.
 o - a +0 ring mail of fire resistance
Wands
 k - a wand of light (11)
 r - a wand of polymorph (5)
Potions
 b - a potion of curing
 f - a potion of invisibility
 g - 2 potions of lignification
 h - a potion of magic
 m - a potion of haste


   Skills:
 + Level 5.6 Fighting
 + Level 6.7(7.5) Axes
 + Level 1.4(3.8) Maces & Flails
 + Level 3.8(5.3) Polearms
 + Level 6.6 Armour
 - Level 0.3 Dodging
 + Level 4.2 Shields


You had 7 spell levels left.
You didn't know any spells.
Your spell library contained the following spells:

 Spells                   Type           Power      Damage    Failure   Level
 Sublimation of Blood     Necr           0%         N/A       100%        2
 Cause Fear               Hex            0%         N/A       100%        4
 Petrify                  Tmut/Erth      0%         N/A       100%        4
 Irradiate                Conj/Tmut      0%         3d11      100%        5
 Dragon Form              Tmut           0%         N/A       100%        7
 Dragon's Call            Summ           0%         N/A       100%        9


Dungeon Overview and Level Annotations

Branches:
Dungeon (6/15)
 Temple: D:4-7

Altars:
Ashenzari
Dithmenos
Elyvilon
Ru
Trog
Wu Jian

Shops:
D:4 *

Annotations:
D:2 Sigmund
D:7 Menkaure


Message History

Things that are here:
a +0 club; a +0 scale mail
Things that are here:
a +0 trident; an orc corpse You open the door.
There is an open door here.
You open the door.
Found 5 stones and 12 gold pieces.
There is an open door here.
You hear the creaking of a very distant portcullis.
You now have 316 gold pieces (gained 12).
Menkaure, Prince of Dust comes into view.
Menkaure calls on the powers of darkness!
Your body is wracked with pain!
Menkaure casts a spell.
Menkaure seems to speed up.
You hear an angry hiss.
An iguana comes into view.
The iguana hisses angrily.
A hornet comes into view.
The hornet buzzes angrily.
You hear a shout!
Menkaure calls on the powers of darkness!
Your body is wracked with pain!
* * * LOW HITPOINT WARNING * * *
As you read the scroll of fear, it crumbles to dust.
You assume a fearsome visage.
Menkaure is unaffected.
The hornet looks frightened!
Menkaure rustles, "It doesn't hurt if you pull your brain out of your nose yourself."
You hit Menkaure.
Menkaure's magic leaks into the air.
Menkaure is lightly damaged.
Menkaure barely misses you. Menkaure hits you!
* * * LOW HITPOINT WARNING * * *
You barely miss Menkaure.
Menkaure is lightly damaged.
An orc warrior comes into view. It is wielding a +0 halberd.
Menkaure hits you but does no damage.
You puncture Menkaure!
Menkaure's magic leaks into the air.
Menkaure is heavily damaged.
Menkaure hits you!
You die...

# ##.#.## .....# #
##.#..# ## # .lM..# # .##
#.###....# #.# ..##
#.#.#.#..# .. .
...###........#####.#...#
...+..........lM@.o......
...# #....#.#.#####.#...#
..## #........# .. # .##
######.### ## ## #.# ##
#.# .# #.# .# #.#
.##########.#


You could see an orc warrior, Menkaure (fast, magic disrupted) and an iguana.

Vanquished Creatures
  A steam dragon (D:6)
  Duvessa (D:4)
  A black bear (D:6)
  A centaur (D:6)
  A phantom (D:4)
  A necrophage (D:5)
  Dowan (D:4)
  3 hounds
  2 orc priests (D:5)
  2 iguanas
  Jessica (D:2)
  An orc wizard (D:5)
  Robin (D:4)
  A gnoll (D:4)
  6 adders
  An ufetubus (D:5)
  3 worms (D:4)
  A dart slug (D:1)
  15 orcs
  14 ball pythons
  4 endoplasms
  6 giant cockroaches
  19 goblins
  10 hobgoblins
  10 jackals
  2 quokkas
  2 bats
  A frilled lizard (D:2)
  6 kobolds
  10 rats
128 creatures vanquished.

Vanquished Creatures (others)
  A plant (D:3)
1 creature vanquished.

Grand Total: 129 creatures vanquished

Notes
Turn   | Place    | Note
-------+----------+-------------------------------------------
     0 | D:1      | RapScallion the Hill Orc Fighter began the quest for the
                  | Orb.
     0 | D:1      | Reached XP level 1. HP: 19/19 MP: 1/1
    33 | D:1      | Reached XP level 2. HP: 4/27 MP: 2/2
   618 | D:1      | Reached XP level 3. HP: 33/33 MP: 3/3
  1445 | D:2      | Noticed Sigmund
  1690 | D:2      | Reached XP level 4. HP: 31/33 MP: 4/4
  1987 | D:2      | Identified the +3 ring mail of Youthful Indiscretion {Will+
                  | Int+4}
  2259 | D:2      | Noticed Jessica
  2270 | D:2      | Killed Jessica
  2646 | D:3      | Found a shadowy altar of Dithmenos.
  2659 | D:3      | Found a white marble altar of Elyvilon.
  2659 | D:3      | Found a broken altar of Ashenzari.
  3316 | D:4      | Reached XP level 5. HP: 37/44 MP: 5/5
  3552 | D:4      | Reached skill level 5 in Armour
  3862 | D:4      | Noticed Robin
  3886 | D:4      | Killed Robin
  3937 | D:4      | Noticed Duvessa
  3937 | D:4      | Noticed Dowan
  3947 | D:4      | Killed Duvessa
  3948 | D:4      | Reached skill level 5 in Axes
  3948 | D:4      | Reached XP level 6. HP: 25/53 MP: 6/6
  3948 | D:4      | Killed Dowan
  4281 | D:4      | Found Wauc's Mayhem Merchandise.
  4411 | D:4      | Found an ornate altar of the Wu Jian Council.
  4417 | D:4      | Reached XP level 7. HP: 60/60 MP: 7/7
  4459 | D:4      | Found a bloodstained altar of Trog.
  5330 | D:5      | Entered Level 5 of the Dungeon
  5513 | D:5      | Reached skill level 5 in Fighting
  5607 | D:5      | Reached skill level 1 in Maces & Flails
  5675 | D:5      | Reached skill level 1 in Polearms
  6463 | D:6      | Reached XP level 8. HP: 38/69 MP: 2/8
  6872 | D:6      | You fall into a shaft and drop 1 floor!
  6998 | D:7      | Found a sacrificial altar of Ru.
  7096 | D:7      | Noticed Menkaure
  7101 | D:7      | Noticed a hornet
  7107 | D:7      | Slain by Menkaure

Illustrated notes

Levels and vault maps discovered:
D:1:      dpeg_arrival_ratfight, layout_loops_ring, minmay_surrounded
D:2:      layout_basic, serial_glass, glass_columns_b, glass_columns_b,
          due_unseen_surprise, minmay_strange_pillars, feat_on_display,
          uniq_sigmund, uniq_jessica
D:3:      layout_basic, gammafunk_temple_overflow_forgotten
D:4:      layout_loops_corners, trog_antimagical, nicolae_wu_jian_wuxing_cycle,
          chequers_serial_rivers_large_a, minmay_shop_mayhem, st_stairs_1,
          kennysheep_doodads, uniq_duvessa, uniq_robin
D:5:      layout_rooms, minmay_liquid_box
D:6:      layout_basic, minmay_temple_entry_statues, lightli_corner_chamber
D:7:      layout_loops_corners, nicolae_ru_path_of_blood, enter_bailey_7,
          uniq_menkaure

Skill      XL: |  1  2  3  4  5  6  7 |
---------------+----------------------+-----
Axes           | 3 4 5 6 |  6.7
Fighting       | 4 5 |  5.6
Armour         | 4 5 6 |  6.6
Maces & Flails | 1 |  1.4
Polearms       | 3 |  3.8
Shields        | 4 |  4.2
Dodging        | |  0.3

Action                   |  1- 3 |  4- 6 |  7- 9 || total
-------------------------+-------+-------+-------++-------
Melee: War axe           |   127 |   137 |    16 ||   280
       Trident           |       |       |   124 ||   124
       Club              |       |       |    50 ||    50
  Use: Scroll            |       |     9 |     5 ||    14
       Potion            |       |     1 |     2 ||     3
Armor: Scale mail        |    25 |       |       ||    25
       Plate armour      |    66 |    85 |   106 ||   257
Dodge: Dodged            |    46 |    34 |    69 ||   149
Block: Buckler           |    35 |    37 |    30 ||   102
